Map: Lightshade LE

Players

DPGDark (Dark) - Winner!

  • Race: Zerg Zerg
  • League: Master

DPGZest (Zest)

  • Race: Protoss Protoss

Event: ASUS ROG Fall 2021

VOD

Have the link to the VOD?

Description

Time

  • Played on: Sept. 19, 2021, 6:28 a.m.
  • Length: 11:39

All games in this series

Show
View Real Time Build Order
Export as new Build Order

DPGDark Zerg - Winner!

Build Orders: Hatch First 

Get SALT Encoding   

  12  0:00  Drone  
  13  0:13  Overlord  
  13  0:17  Drone  
  14  0:32  Drone x2  
  16  0:39  Drone  
  17  0:53  Hatchery  
  17  0:56  Drone  
  17  0:59  Drone  
  18  1:10  Extractor  
  17  1:15  Spawning Pool  
  16  1:18  Drone  
  16  1:22  Drone  
  18  1:31  Drone  
  19  1:41  Drone  
  20  1:50  Drone  
  21  2:04  Queen x2, Drone  
  21  2:06  Zergling x2  
  27  2:11  Metabolic Boost  
  27  2:16  Overlord  
  27  2:19  Drone  
  28  2:35  Drone x3  
  31  2:40  Hatchery  
  30  2:46  Queen  
  30  2:51  Drone  
  33  2:52  Drone  
  33  2:57  Overlord  
  34  3:00  Drone  
  34  3:03  Drone  
  36  3:16  Drone x5  
  41  3:22  Queen  
  41  3:24  Zergling x2  
  41  3:26  Overlord  
  44  3:32  Overlord x2  
  44  3:39  Spore Crawler  
  43  3:44  Drone  
  44  3:49  Overlord  
  44  3:52  Drone x4  
  44  3:53  Spore Crawler  
  44  3:54  Drone  
  48  3:58  Queen, Drone  
  48  4:01  Zergling x4  
  53  4:04  Drone  
  53  4:06  Drone  
  53  4:09  Overlord  
  55  4:16  Drone x2  
  56  4:18  Drone  
  56  4:20  Drone  
  56  4:23  Drone x3  
  56  4:24  Extractor  
  59  4:25  Drone  
  59  4:30  Drone x3  
  63  4:34  Lair  
  63  4:38  Drone x4  
  67  4:46  Drone, Roach Warren  
  67  4:47  Evolution Chamber  
  67  4:49  Drone x2  
  67  4:58  Drone x4  
  71  5:00  Drone x3  
  71  5:03  Drone x2  
  76  5:07  Drone x3  
  76  5:09  Extractor  
  76  5:10  Extractor  
  76  5:11  Extractor x2  
  76  5:13  Queen  
  76  5:15  Drone  
  76  5:16  Drone  
  76  5:20  Drone x3  
  81  5:23  Zerg Missile Weapons Level 1  
  81  5:31  Overlord  
  81  5:35  Overlord  
  81  5:43  Glial Reconstitution  
  81  5:44  Overlord  
  81  5:45  Spore Crawler, Spire  
  81  5:46  Drone  
  81  5:47  Drone x2, Hatchery  
  81  5:49  Drone  
  82  5:53  Queen  
  84  5:57  Overlord  
  84  6:01  Roach x3  
  90  6:04  Zergling x2  
  90  6:05  Zergling x2  
  90  6:10  Overlord  
  92  6:11  Overlord x2  
  92  6:16  Drone x2  
  92  6:17  Drone  
  92  6:18  Drone x3  
  98  6:27  Drone x3  
  98  6:32  Queen x2  
  101  6:33  Queen  
  106  6:58  Mutalisk x12  
  106  7:01  Queen, Extractor  
  131  7:02  Extractor  
  131  7:05  Spore Crawler  
  131  7:08  Queen  
  128  7:12  Drone  
  130  7:20  Overlord x3  
  130  7:21  Queen x2  
  134  7:28  Overlord x2  
  134  7:30  Overlord  
  134  7:38  Queen  
  134  7:42  Roach x8  
  134  7:44  Queen, Overseer  
  152  7:46  Zerg Missile Weapons Level 2  
  152  7:51  Roach x3  
  160  7:55  Roach x2  
  160  7:57  Ravager x3  
  167  8:00  Roach  
  167  8:07  Roach x2  
  167  8:14  Roach x4  
  167  8:15  Ravager x5  
  167  8:16  Overlord  
  167  8:18  Ravager x3  
  183  8:20  Zergling x12  
  183  8:25  Zergling x6  
  192  8:31  Ravager x2  
  186  8:37  Roach x7  
  186  8:40  Ravager x3  
  186  8:41  Ravager, Queen  
  191  8:51  Roach x4  
  186  8:59  Roach x4  
  175  9:05  Queen, Roach  
  173  9:17  Queen x2  
  165  9:19  Zergling x12  
  165  9:20  Roach  
  165  9:21  Queen  
  165  9:23  Roach  
  169  9:30  Ravager x4, Infestation Pit  
  169  9:31  Roach  
  171  9:33  Roach x2  
  171  9:35  Roach  
  174  9:40  Roach  
  174  9:41  Queen  
  178  9:49  Evolution Chamber  
  177  9:52  Queen  
  166  10:13  Pathogen Glands  
  149  10:16  Hive  
  149  10:17  Overseer  
  149  10:20  Queen x2  
  147  10:21  Spore Crawler  
  147  10:22  Drone x7  
  147  10:23  Spore Crawler  
  147  10:24  Spore Crawler  
  147  10:26  Spore Crawler  
  146  10:28  Queen  
  146  10:34  Infestor x5  
  146  10:45  Infestor x2  
  146  10:46  Infestor x3  
  156  10:55  Queen  
Show
View Real Time Build Order
Export as new Build Order

DPGZest Protoss 

Build Orders: 1 Gate Expand, Oracle Opening 

Get SALT Encoding   

  12  0:00  Probe  
  13  0:12  Probe  
  14  0:20  Pylon  
  14  0:24  Probe  
  15  0:38  Probe (Chrono Boost)  
  15  0:39  Gateway  
  16  0:47  Probe (Chrono Boost)  
  16  0:49  Assimilator  
  17  0:52  Probe (Chrono Boost)  
  19  1:04  Probe  
  19  1:16  Probe  
  20  1:25  Nexus  
  20  1:38  Cybernetics Core  
  20  1:39  Probe  
  21  1:47  Assimilator  
  21  1:51  Probe  
  22  1:54  Pylon  
  22  2:03  Probe (Chrono Boost)  
  23  2:14  Adept  
  26  2:17  Probe (Chrono Boost)  
  26  2:18  Stargate  
  26  2:22  Probe (Chrono Boost)  
  26  2:25  Warp Gate  
  27  2:33  Probe  
  28  2:37  Probe  
  28  2:44  Adept  
  31  2:45  Probe  
  31  2:50  Probe (Chrono Boost)  
  33  2:53  Void Ray (Chrono Boost)  
  34  3:02  Probe x2 (Chrono Boost)  
  39  3:09  Probe (Chrono Boost)  
  39  3:10  Pylon  
  39  3:11  Probe (Chrono Boost)  
  41  3:16  Probe  
  42  3:21  Probe  
  42  3:23  Gateway  
  42  3:26  Oracle (Chrono Boost)  
  43  3:29  Probe  
  43  3:33  Probe  
  48  3:41  Probe  
  48  3:45  Probe  
  50  3:50  Nexus  
  50  3:53  Pylon  
  50  3:58  Probe x2  
  50  4:02  Assimilator  
  52  4:04  Assimilator  
  52  4:10  Probe x2  
  52  4:14  Void Ray  
  54  4:20  Protoss Air Weapons Level 1  
  54  4:21  Pylon  
  54  4:22  Probe (Chrono Boost)  
  54  4:23  Probe (Chrono Boost)  
  60  4:33  Probe x2 (Chrono Boost)  
  60  4:34  Stargate  
  60  4:36  Forge  
  60  4:38  Probe x2 (Chrono Boost)  
  64  4:51  Probe  
  65  4:53  Void Ray, Probe  
  70  5:01  Robotics Facility  
  70  5:03  Probe  
  70  5:04  Probe  
  70  5:05  Probe  
  73  5:12  Void Ray  
  73  5:16  Probe x2 (Chrono Boost)  
  73  5:19  Probe (Chrono Boost)  
  80  5:27  Probe x2 (Chrono Boost)  
  80  5:28  Shield Battery  
  83  5:29  Photon Cannon, Probe (Chrono Boost)  
  83  5:30  Pylon  
  83  5:32  Probe x2 (Chrono Boost)  
  83  5:35  Pylon  
  85  5:37  Assimilator x2  
  85  5:48  Probe x3  
  85  5:49  Observer, Robotics Bay  
  89  5:52  Pylon  
  89  5:55  Pylon  
  89  6:00  Probe x3  
  89  6:03  Void Ray x2  
  100  6:19  Shield Battery, Photon Cannon  
  100  6:22  Gateway  
  100  6:23  Gateway  
  100  6:27  Observer  
  100  6:31  Stargate  
  100  6:33  Fleet Beacon  
  100  6:45  Pylon  
  100  6:46  Pylon  
  100  7:00  Nexus  
  100  7:02  Pylon  
  100  7:03  Pylon  
  100  7:10  Flux Vanes  
  100  7:16  Carrier x2 (Chrono Boost)  
  100  7:22  Photon Cannon  
  118  7:24  Photon Cannon  
  118  7:25  Photon Cannon  
  118  7:26  Photon Cannon  
  118  7:27  Carrier (Chrono Boost)  
  118  7:33  Photon Cannon  
  118  7:34  Photon Cannon  
  118  7:41  Photon Cannon  
  118  7:42  Probe x2  
  118  7:43  Photon Cannon  
  120  7:44  Probe  
  121  7:54  Probe  
  121  7:55  Photon Cannon  
  121  7:56  Shield Battery, Stalker x4  
  130  8:02  Protoss Air Weapons Level 2 (Chrono Boost)  
  130  8:04  Void Ray (Chrono Boost)  
  133  8:08  Carrier (Chrono Boost)  
  133  8:10  Probe x3  
  133  8:12  Void Ray (Chrono Boost), Probe  
  142  8:27  Zealot x3  
  142  8:28  Zealot  
  142  8:32  Void Ray  
  144  8:48  Void Ray  
  138  9:01  Void Ray (Chrono Boost), Stalker  
  123  9:09  Void Ray (Chrono Boost)  
  111  9:24  Void Ray (Chrono Boost)  
  91  9:35  Void Ray (Chrono Boost)  
  87  9:45  Probe x2  
  93  9:46  Void Ray (Chrono Boost), Probe  
  98  9:55  Void Ray (Chrono Boost)  
  94  10:34  Pylon  
  94  10:38  Pylon  
  94  10:39  Pylon  
  94  10:46  Void Ray (Chrono Boost)  
  94  10:47  Void Ray (Chrono Boost)  
  94  10:55  Void Ray (Chrono Boost)  
  94  10:57  Pylon  
Tags
 
Add a new tag
Caveats
  • Supply blocks, unpowered buildings, or Contaminate may cause inaccurate times.
  • Supply counts are checked every 10 seconds.